 Dungeon Crawl Stone Soup version 0.25-a0-489-g9ae84a01e3 (webtiles) character file.

Game seed: 8014188127294872070, levelgen mode: deterministic

822 Kohma the Shield-Bearer (level 7, -1/62 HPs)
             Began as a Minotaur Fighter on Feb 11, 2020.
             Was an Initiate of Ashenzari.
             Slain by Grinder (5 damage)
             ... while paralysed by Grinder
             ... on level 5 of the Dungeon.
             The game lasted 00:08:21 (3768 turns).

Kohma the Shield-Bearer (Minotaur Fighter)          Turns: 3768, Time: 00:08:21

Health: -1/62      AC:  9    Str: 23    XL:     7   Next: 63%
Magic:  6/6        EV:  2    Int:  5    God:    Ashenzari [......]
Gold:   203        SH:  0    Dex: 12    Spells: 6/6 levels left

rFire    . . .     SeeInvis .   p - +2 dagger (venom)
rCold    . . .     Gourm    .   c - +0 kite shield
rNeg     . . .     Faith    .   b - +0 scale mail
rPois    .         Spirit   .   (helmet restricted)
rElec    .         Reflect  .   u - +0 cloak
rCorr    .         Harm     .   (no gloves)
MR       .....                  m - +0 pair of boots
Stlth    ..........             (no amulet)
HPRegen  0.20/turn              g - ring of flight
MPRegen  0.10/turn              t - +3 ring of dexterity

@: paralysed, starving
A: retaliatory headbutt, horns 2
a: Curse Item, Renounce Religion, Evoke Flight


You were on level 5 of the Dungeon.
You worshipped Ashenzari.
Ashenzari was noncommittal.
You were starving.

You visited 2 branches of the dungeon, and saw 6 of its levels.

You collected 203 gold pieces.

Inventory:

Hand Weapons
 a - a +0 long sword
 p - a +2 dagger of venom (weapon)
Missiles
 h - 13 poisoned darts
 y - 7 curare-tipped darts (quivered)
Armour
 b - a +0 scale mail (worn)
 c - a +0 kite shield (worn)
 m - a +0 pair of boots (worn)
 u - a +0 cloak (worn)
Jewellery
 g - a ring of flight (left hand)
 t - a +3 ring of dexterity (right hand)
Scrolls
 e - a scroll of remove curse
 n - 2 scrolls of immolation
 o - 2 scrolls of blinking
Potions
 i - 3 potions of curing
 j - 4 potions of heal wounds
 k - a potion of haste
 l - a potion of degeneration {unknown}
 s - 2 potions of agility
 x - a potion of berserk rage {unknown}
Comestibles
 d - 2 chunks of flesh
 f - 9 rations


   Skills:
 + Level 5.8 Fighting
 * Level 6.9 Long Blades
 - Level 3.7 Armour
 * Level 7.4 Shields


You had 6 spell levels left.
You didn't know any spells.
Your spell library was empty.

Dungeon Overview and Level Annotations

Branches:
Dungeon (5/15)             Temple (1/1) D:4

Altars:
Ashenzari
Cheibriados
Dithmenos
Elyvilon
Fedhas
Hepliaklqana
Kikubaaqudgha
Makhleb
Okawaru
Ru
Sif Muna
Trog
Vehumet
Wu Jian
Xom
Yredelemnul
Zin
The Shining One

Portals:
Ossuary: D:5

Annotations:
D:5 Grinder


Innate Abilities, Weirdness & Mutations

You reflexively headbutt those who attack you in melee.
You have a pair of horns on your head.


Message History

You suddenly lose the ability to move!
The orc hits you with a +0 flail.
* * * LOW HITPOINT WARNING * * *
The orc hits you.
* * * LOW HITPOINT WARNING * * *
The orc priest begins to cast a cantrip, but forgets the words!
Grinder gestures at you. You resist with significant effort. The orc hits you.
* * * LOW HITPOINT WARNING * * *
The orc hits you with a +0 flail.
* * * LOW HITPOINT WARNING * * *
The orc priest hits you but does no damage.
Grinder barely misses you. The orc hits you.
* * * LOW HITPOINT WARNING * * *
The orc hits you with a +0 flail.
* * * LOW HITPOINT WARNING * * *
The orc priest hits you but does no damage.
Grinder hits you.
* * * LOW HITPOINT WARNING * * *
You writhe in agony.
You die...

,********,,..(.,,...,,..,....##,*
,**,,,,,,,,......#.#*,#.*.#...#.#
,**,*****,**#....#.#*,..,........
,,,,** *,.,*#....#.#***.#.#...##.
**,,,***,..##...?#.# *.......,..
*,,,*,,,........#.#####..##.#*#.
*,,,,,,,,......8..†.÷....##.# #.
**,**,,,,,,.#.oo5o#####.###.###.
***,****,,,**#8.@o8#* #.........
,,,,* *,,,* #......# #.###.###.
***** **,** #..8...# #.# #.# #. *
*,***###.#..# #.#*#.#*#.
*********,,,,,,..#.## #..,...,..
,,,,,,,*******##.#.#***###*#.#*##
******,* #.#..,,,,,,,...*
******,* #.###*******#..*
,,,,,,,* *,***********,,*


You could see Grinder, an orc priest and 3 orcs.

Vanquished Creatures
  Menkaure (D:4)
  An orc warrior (D:3)
  A sky beast (D:5)
  A scorpion (D:3)
  2 crimson imps
  A howler monkey (D:4)
  2 orc wizards
  3 orc priests (D:4)
  A centaur skeleton (D:5)
  Robin (D:2)
  A gnoll (D:1)
  6 adders
  A shadow imp (D:5)
  An ooze (D:3)
  3 worms
  5 leopard geckos
  9 orcs
  2 giant cockroaches
  16 goblins
  12 hobgoblins
  3 jackals (D:1)
  6 kobolds
  4 quokkas
  4 bats
  4 frilled lizards
  2 rats
93 creatures vanquished.

Notes
Turn   | Place    | Note
-------+----------+-------------------------------------------
     0 | D:1      | Kohma the Minotaur Fighter began the quest for the Orb.
     0 | D:1      | Reached XP level 1. HP: 19/19 MP: 0/0
   146 | D:1      | Reached XP level 2. HP: 25/27 MP: 1/1
   242 | D:1      | Reached skill level 4 in Shields
   405 | D:1      | Reached XP level 3. HP: 31/33 MP: 2/2
   628 | D:2      | Reached XP level 4. HP: 40/40 MP: 3/3
   920 | D:2      | Noticed Robin
   952 | D:2      | Killed Robin
   955 | D:2      | Reached skill level 5 in Shields
  1530 | D:3      | Reached XP level 5. HP: 47/47 MP: 4/4
  1732 | D:3      | Found a shimmering altar of Xom.
  1807 | D:3      | Noticed an orc warrior
  1830 | D:3      | Killed an orc warrior
  1830 | D:3      | Reached skill level 5 in Long Blades
  1830 | D:3      | Reached skill level 6 in Shields
  1830 | D:3      | Reached XP level 6. HP: 9/55 MP: 5/5
  2264 | D:3      | Reached skill level 5 in Fighting
  2716 | D:4      | Found a sacrificial altar of Ru.
  2921 | D:4      | Reached XP level 7. HP: 54/61 MP: 6/6
  2957 | D:4      | Found a staircase to the Ecumenical Temple.
  2966 | Temple   | Entered the Ecumenical Temple
  3148 | Temple   | Became a worshipper of Ashenzari the Shackled
  3389 | D:4      | Noticed Menkaure
  3409 | D:4      | Killed Menkaure
  3409 | D:4      | Reached skill level 7 in Shields
  3697 | D:5      | Entered Level 5 of the Dungeon
  3736 | D:5      | Found a sand-covered staircase.
  3756 | D:5      | Noticed Grinder
  3765 | D:5      | Paralysed by Grinder for 5 turns
  3768 | D:5      | Slain by Grinder

Levels and vault maps discovered:
D:1:      lightli_arrival_lavapool, layout_basic
D:2:      layout_basic, uniq_robin
D:3:      layout_loops_ring, lemuel_doored_altar, minmay_pentomino_pile
D:4:      layout_cave_pools, lemuel_round_altar,
          minmay_temple_entry_statues_pillars, first_ration, uniq_menkaure
D:5:      layout_loops_ring, kennysheep_mini_moat,
          nicolae_ossuary_entry_monument, portal_sewer_entry_d, fedhas_altar_4,
          uniq_grinder
Temple:   regret_index_temple_sphere_string

Skill      XL: |  1  2  3  4  5  6  7 |
---------------+----------------------+-----
Shields        | 4 5 6 7 |  7.4
Long Blades    | 3 4 5 6 |  6.9
Fighting       | 4 5 |  5.8
Armour         | |  3.7

Action                   |  1- 3 |  4- 6 |  7- 9 || total
-------------------------+-------+-------+-------++-------
Melee: Long sword        |    46 |    41 |       ||    87
       Headbutt          |     9 |    35 |    10 ||    54
       Dagger            |       |   141 |    40 ||   181
  Use: Scroll            |       |     1 |    10 ||    11
       Potion            |       |       |     1 ||     1
  Eat: Chunk             |       |     7 |       ||     7
Armor: Scale mail        |    30 |    60 |    18 ||   108
Dodge: Dodged            |    16 |    40 |     8 ||    64
Block: Kite shield       |    24 |    79 |    17 ||   120
       Rpst.: Long sword |     3 |     6 |       ||     9

Table legend:
 A = Non-vault XP
 B = Vault XP
 C = Vault XP percentage of total XP
 D = Non-vault monster count
 E = Vault monster count
 F = Vault count percentage of total count
                 A         B        C        D         E       F
            +---------+---------+-------+---------+---------+-------
      Total |     939 |     236 |  20.1 |      72 |      21 |  22.6
            +---------+---------+-------+---------+---------+-------
        D:1 |      54 |       0 |   0.0 |      22 |       0 |   0.0
        D:2 |      90 |      37 |  29.1 |      10 |      13 |  56.5
        D:3 |     331 |      27 |   7.5 |      21 |       7 |  25.0
        D:4 |     238 |     172 |  42.0 |      14 |       1 |   6.7
        D:5 |     226 |       0 |   0.0 |       5 |       0 |   0.0
            +---------+---------+-------+---------+---------+-------
